 Dungeon Crawl Stone Soup version 0.23-a0-126-g19e28b4 (webtiles) character file.

5133 Amnesiac the Zephyrmancer (level 10, -6/63 HPs)
             Began as a Mummy Air Elementalist on Aug 26, 2018.
             Was an Elder of Sif Muna.
             Killed from afar by an orc wizard (15 damage)
             ... with a puff of flame
             ... on level 9 of the Dungeon.
             The game lasted 00:17:51 (9203 turns).

Amnesiac the Zephyrmancer (Mummy Air Elementalist)  Turns: 9203, Time: 00:17:52

Health: -6/63      AC:  3    Str: 20    XL:     10   Next: 33%
Magic:  0/22       EV: 12    Int: 17    God:    Sif Muna [****..]
Gold:   646        SH:  0    Dex:  8    Spells: 14/26 levels left

rFire    x . .     SeeInvis +   a - +3 scimitar (slice)
rCold    + + .     Gourm    .   (no shield)
rNeg     + + +     Faith    +   r - +0 robe of the Cricket {Str+7 Dex-4 Stlth+}
rPois    ∞         Spirit   .   h - +0 helmet (curse)
rElec    .         Reflect  .   (no cloak)
rCorr    .         Harm     .   (no gloves)
MR       +....                  (no boots)
Stlth    ++........             x - amulet of faith
HPRegen  0.20/turn              y - ring of protection from cold
MPRegen  0.18/turn              g - ring of see invisible (curse)

@: divine energy
A: no food or potions, fire vulnerability, cold resistance 1, negative energy
resistance 3, torment resistance, unbreathing
a: Stop Divine Energy, Channel Magic, Forget Spell, Renounce Religion


You were on level 9 of the Dungeon.
You worshipped Sif Muna.
Sif Muna was greatly pleased with you.
You were not hungry.

You visited 2 branches of the dungeon, and saw 10 of its levels.

You collected 646 gold pieces.

Inventory:

Hand Weapons
 a - a +3 scimitar of slicing (weapon)
 u - the +4 short sword "Mairucis" {venom, Str+6}
   (You found it on level 8 of the Dungeon)

   It poisons the flesh of those it strikes.
   It affects your strength (+6).
Missiles
 k - a stone (quivered)
Armour
 e - a +0 robe
 h - a cursed +0 helmet (worn)
 r - the +0 robe of the Cricket (worn) {Str+7 Dex-4 Stlth+}
   (You found it on level 7 of the Dungeon)

   It affects your strength (+7).
   It affects your dexterity (-4).
   It makes you more stealthy.
Magical Staves
 b - an uncursed staff of fire
Jewellery
 c - a +3 ring of dexterity
 g - a cursed ring of see invisible (right hand)
 o - an uncursed amulet of regeneration
 x - an amulet of faith (around neck)
 y - a ring of protection from cold (left hand)
Wands
 m - a wand of digging (15)
 q - a wand of flame (34)
 s - a wand of scattershot (6)
 t - a wand of iceblast (9)
Scrolls
 d - 3 scrolls of fog {!r}
 f - 3 scrolls of magic mapping {!r}
 i - a scroll of enchant weapon {!r}
 j - 10 scrolls of remove curse {!r}
 l - 4 scrolls of identify {!r}
 n - a scroll of enchant armour {!r}
 p - a scroll of teleportation {!r}
 v - 2 scrolls of amnesia {!r, unknown}
 w - a scroll of random uselessness {!r, unknown}


   Skills:
 - Level 1.5 Dodging
 - Level 1.5 Stealth
 + Level 8.5 Spellcasting
 * Level 8.4 Conjurations
 * Level 8.5 Air Magic


You had 14 spell levels left.
You knew the following spells:

 Your Spells              Type           Power        Failure   Level  Hunger
a - Airstrike             Air            #####.....   3%          4    N/A
d - Lightning Bolt        Conj/Air       #####.....   9%          5    N/A
e - Shock                 Conj/Air       ####         1%          1    N/A
z - Swiftness             Chrm/Air       ###.....     2%          2    N/A

Your spell library contained the following spells:

 Spells                   Type           Power        Failure   Level  Hunger
 Static Discharge         Conj/Air       #####...     1%          3    N/A
 Confusing Touch          Hex            #.....       10%         1    N/A
 Confuse                  Hex            #.......     30%         3    N/A
 Gell's Gravitas          Tloc           #.........   30%         3    N/A
 Petrify                  Tmut/Erth      #.......     69%         4    N/A
 Metabolic Englaciation   Hex/Ice        #.........   95%         5    N/A
 Yara's Violent Unravell  Hex/Tmut       #.........   95%         5    N/A

Dungeon Overview and Level Annotations

Branches:
Dungeon (9/15)             Temple (1/1) D:5
   Lair: D:8-11         Orc: D:9-12

Altars:
Ashenzari
Cheibriados
Dithmenos
Elyvilon
Fedhas
Gozag
Hepliaklqana
Kikubaaqudgha
Makhleb
Nemelex Xobeh
Okawaru
Qazlal
Ru
Sif Muna
Trog
Uskayaw
Vehumet
Wu Jian
Xom
Yredelemnul
Zin
The Shining One


Innate Abilities, Weirdness & Mutations

You do not eat or drink.
Your flesh is vulnerable to fire.
You are immune to poison.
Your flesh is cold resistant. (rC+)
You are immune to negative energy. (rN+++)
You are immune to unholy pain and torment.
You can survive without breathing.


Message History

Sif Muna grants you divine energy.
You briefly lose access to your magic!
An orc comes into view. It is wielding a short sword.
The orc wizard points at you and mumbles some strange words.
The puff of flame hits you! The fire burns you terribly!
Found a leatherbound book.
You are unable to access your magic!
The orc wizard mumbles some strange words.
The orc wizard seems to speed up.
You are unable to access your magic!
You are unable to access your magic!
You regain access to your magic.
Casting: Airstrike (safe; 3% risk of failure)
Confirm with . or Enter, or press ? or * to list all spells.
Aiming: Airstrike (safe; 3% risk of failure)
Press: ? - help, Dir - move target cursor, f/p - orc wizard
Aim: an orc wizard, wielding a dagger and wearing a robe (moderately wounded, The air twists around and strikes the orc wizard!
The orc wizard is almost dead.
Sif Muna grants you divine energy.
You briefly lose access to your magic!
You are unable to access your magic!
You are unable to access your magic!
The orc priest miscasts a cantrip.
The orc wizard closely misses you.
You riposte.
You hit the orc wizard but do no damage.
The orc wizard is almost dead.
You see here a wyvern skeleton.
You are unable to access your magic!
The orc priest invokes the aid of Beogh against you.
Beogh smites you!
You are unable to access your magic!
You regain access to your magic.
The orc wizard gestures at you while chanting.
The puff of frost misses you.
You see here a bullfrog skeleton.
Casting: Airstrike (safe; 3% risk of failure)
Confirm with . or Enter, or press ? or * to list all spells.
Aiming: Airstrike (safe; 3% risk of failure)
Press: ? - help, Dir - move target cursor, f/p - orc wizard
Aim: an orc wizard, wielding a dagger and wearing a robe (almost dead, fast)
You miscast Airstrike.
Sif Muna protects you from the effects of your miscast!
Sif Muna grants you divine energy.
You briefly lose access to your magic!
The orc wizard gestures at you while chanting.
The magic dart hits you!
The orc priest mumbles some strange prayers to Beogh against you.
Beogh smites you!
* * * LOW HITPOINT WARNING * * *
The orc wizard hits you with a dagger.
* * * LOW HITPOINT WARNING * * *
You hear a shout!
You are unable to access your magic!
You are unable to access your magic!
You are unable to access your magic!
The orc wizard casts a spell at you. The puff of flame hits you!
The fire burns you terribly!
* * * LOW HITPOINT WARNING * * *
You are unable to access your magic!
You regain access to your magic.
The orc wizard points at you and mumbles some strange words.
The puff of flame hits you! The fire burns you terribly!
You die...

############ #..........# ..
#..........# .. # #..........#
#.#..# .. ###..........#
#.##.###.# # #............######
#........###.
....[.........(<[.###..#.##......
..............).@.(....o.........
...(..............o#........#..#
...................o..........#
...................#÷.÷......####
................................<
........#####......###..........#
#.........# #).....# #..........#
#######.#.# ####....##..........#
#.#..# ####.............#


You could see an orc priest, an orc wizard and an orc.

Vanquished Creatures
  An unseen horror (D:7)
  Sigmund (D:3)
  A yak (D:8)
  A wyvern (D:9)
  A vampire (D:8)
  A vampire mosquito (D:7)
  2 ice beasts
  Duvessa (D:6)
  2 sky beasts
  2 black bears
  2 orc warriors
  A phantom (D:5)
  3 ogres
  4 centaurs
  A big kobold (D:7)
  6 bullfrogs
  A water moccasin zombie (D:8)
  Dowan (D:6)
  A wyvern skeleton (D:9)
  5 scorpions
  11 wights
  A howler monkey (D:4)
  8 crimson imps
  2 bullfrog skeletons
  4 hounds
  A jelly (D:6)
  An orc priest (D:9)
  4 iguanas
  5 worker ants
  2 orc wizards (D:5)
  A hound zombie (D:7)
  2 hound skeletons (D:5)
  2 worker ant zombies (D:7)
  7 adders
  2 shadow imps
  2 oozes
  An adder skeleton (D:6)
  2 adder zombies
  2 worms
  3 dart slugs
  3 leopard geckos
  5 orcs
  7 bats
  2 giant cockroaches
  10 goblins
  10 hobgoblins
  18 jackals
  9 kobolds
  5 quokkas
  3 ball pythons
  5 frilled lizards
  3 rats
181 creatures vanquished.

Notes
Turn   | Place    | Note
-------+----------+-------------------------------------------
     0 | D:1      | Amnesiac the Mummy Air Elementalist began the quest for the
                  | Orb.
     0 | D:1      | Reached XP level 1. HP: 13/13 MP: 4/4
   325 | D:2      | Reached XP level 2. HP: 19/19 MP: 2/5
   329 | D:2      | Learned a level 2 spell: Swiftness
   599 | D:2      | Reached XP level 3. HP: 24/24 MP: 1/7
  1290 | D:3      | Reached XP level 4. HP: 30/30 MP: 9/9
  1296 | D:3      | Learned a level 4 spell: Airstrike
  1593 | D:5      | Entered Level 5 of the Dungeon
  1649 | D:5      | Found a staircase to the Ecumenical Temple.
  1694 | Temple   | Entered the Ecumenical Temple
  1828 | Temple   | Became a worshipper of Sif Muna the Loreminder
  2802 | D:3      | Reached XP level 5. HP: 22/35 MP: 6/11
  2998 | D:3      | Noticed Sigmund
  3021 | D:3      | Killed Sigmund
  3021 | D:3      | Reached skill level 5 in Spellcasting
  3021 | D:3      | Reached skill level 5 in Air Magic
  3021 | D:3      | Reached XP level 6. HP: 38/41 MP: 0/13
  3034 | D:3      | Found a snail-covered altar of Cheibriados.
  3163 | D:3      | Found a shimmering altar of Xom.
  3634 | D:4      | Reached * piety under Sif Muna
  3727 | D:4      | Found a snail-covered altar of Cheibriados.
  3801 | D:4      | Found a burning altar of Makhleb.
  3847 | D:4      | Found a burning altar of Makhleb.
  3848 | D:4      | Reached XP level 7. HP: 46/46 MP: 0/15
  3884 | D:4      | Found a sparkling altar of Nemelex Xobeh.
  3954 | D:4      | Found a bloodstained altar of Trog.
  4540 | D:5      | Found a shattered altar of Ashenzari.
  4715 | D:5      | Reached ** piety under Sif Muna
  4763 | D:5      | Reached XP level 8. HP: 33/52 MP: 0/18
  5128 | D:6      | Found a hide-covered altar of Uskayaw.
  5404 | D:6      | Reached *** piety under Sif Muna
  5404 | D:6      | Reached skill level 1 in Conjurations
  5441 | D:6      | Found a deep blue altar of Sif Muna.
  5526 | D:6      | Noticed Duvessa
  5526 | D:6      | Noticed Dowan
  5535 | D:6      | Killed Duvessa
  5704 | D:6      | Killed Dowan
  5704 | D:6      | Reached XP level 9. HP: 57/57 MP: 8/21
  5784 | D:6      | Found a shadowy altar of Dithmenos.
  6270 | D:7      | Found an iron altar of Okawaru.
  6275 | D:7      | Got a shimmering robe
  6286 | D:7      | Identified the +0 robe of the Cricket {Str+7 Dex-4 Stlth+}
                  | (You found it on level 7 of the Dungeon)
  6297 | D:7      | Reached skill level 5 in Conjurations
  6509 | D:7      | Reached **** piety under Sif Muna
  6537 | D:7      | Noticed an unseen horror
  6538 | D:7      | Found a transporter.
  6539 | D:7      | Found a glowing silver altar of Zin.
  6539 | D:7      | Found an ornate altar of the Wu Jian Council.
  6539 | D:7      | Found an opulent altar of Gozag.
  6543 | D:7      | Found a transporter.
  6845 | D:7      | Found a shattered altar of Ashenzari.
  7240 | D:7      | Killed an unseen horror
  7369 | D:7      | Learned a level 5 spell: Lightning Bolt
  7494 | D:8      | Reached XP level 10. HP: 63/63 MP: 2/22
  7782 | D:8      | Got an ivory short sword
  7788 | D:8      | Identified the +4 short sword "Mairucis" {venom, Str+6}
                  | (You found it on level 8 of the Dungeon)
  7830 | D:8      | Noticed a cyclops
  7916 | D:8      | Found a hazy altar of Hepliaklqana.
  9203 | D:9      | Killed from afar by an orc wizard

Vault maps used:
D:1:      saegor_arrival_miasma
D:2:      minmay_hexomino_u4
D:3:      lemuel_round_altar, cheibriados_altar_1, uniq_sigmund
D:4:      marbit_many_paths, nemelex_altar_shiori, lightli_temple_of_fire,
          makhleb_grotto_becter, makhleb_heckhound_becter
D:5:      nicolae_overflow_crystal_walls, minmay_temple_entry_large_hall,
          first_ration, minmay_joined_circles
D:6:      lemuel_doored_altar, lemuel_crystal_altar, lemuel_blue_sif_altar,
          uniq_duvessa
D:7:      gammafunk_temple_overflow_arena, okawaru_ov_weapons_minmay,
          nicolae_ashenzari_panopticon
D:8:      minmay_diamond_stairs, kennysheep_mini
D:9:      serial_shops, shop
Temple:   dpeg_three_leaves_temple

Skill      XL: |  1  2  3  4  5  6  7  8  9 10 |
---------------+-------------------------------+-----
Air Magic      | 3 4 5 6 8 |  8.5
Spellcasting   | 3 4 5 6 8 |  8.5
Conjurations   | 2 7 8 |  8.4
Dodging        | |  1.5
Stealth        | |  1.5

Action                   |  1- 3 |  4- 6 |  7- 9 | 10-12 || total
-------------------------+-------+-------+-------+-------++-------
Melee: Unarmed           |     2 |       |       |       ||     2
       Scimitar          |       |       |    22 |     2 ||    24
 Fire: Hunting sling     |    12 |    63 |    30 |       ||   105
 Cast: Shock             |    64 |    62 |       |       ||   126
       Airstrike         |       |    10 |   164 |    62 ||   236
       Swiftness         |       |       |     1 |       ||     1
       Lightning Bolt    |       |       |       |    10 ||    10
Invok: Divine Energy     |       |     1 |       |       ||     1
  Use: Scroll            |     5 |     2 |     9 |       ||    16
Armor: Robe              |     6 |     5 |    12 |     1 ||    24
Dodge: Dodged            |    26 |    37 |    57 |    21 ||   141
       Rpst.: Scimitar   |       |       |    17 |     6 ||    23

Table legend:
 A = Non-vault XP
 B = Vault XP
 C = Vault XP percentage of total XP
 D = Non-vault monster count
 E = Vault monster count
 F = Vault count percentage of total count
                 A         B        C        D         E       F
            +---------+---------+-------+---------+---------+-------
      Total |    4575 |    2759 |  37.6 |     154 |      27 |  14.9
            +---------+---------+-------+---------+---------+-------
        D:1 |      31 |       0 |   0.0 |      16 |       0 |   0.0
        D:2 |      83 |      19 |  18.6 |      28 |       4 |  12.5
        D:3 |      89 |     227 |  71.8 |      16 |       1 |   5.9
        D:4 |     188 |      91 |  32.6 |      12 |       2 |  14.3
        D:5 |     460 |     384 |  45.5 |      14 |       7 |  33.3
        D:6 |    1241 |     216 |  14.8 |      21 |       3 |  12.5
        D:7 |    1255 |    1105 |  46.8 |      26 |       4 |  13.3
        D:8 |     344 |     717 |  67.6 |       8 |       6 |  42.9
        D:9 |     884 |       0 |   0.0 |      13 |       0 |   0.0
            +---------+---------+-------+---------+---------+-------
